PIO (24 & UNDER)
CHULA VISTA TACOS @ JASPER COUGARS
06/30/2028
 
TOP OF THE 1ST
Chula Vista Tacos batting - Pitching for Jasper Cougars : LHP Martín Marino
Pitching: LHP Martín Marino
Batting: LHB Dale Miller 0-0: Fly out, F9 (Line Drive, 9)
Batting: RHB Ron Garrett 0-0: Ball
1-0: Fly out, F7 (Flyball, 7)
Batting: LHB Nick Hill 0-0: Called Strike
0-1: Ball
1-1: Ball
2-1: Foul Ball, location: 2F
2-2: Ground out 3-1 (Groundball, 34)
Top of the 1st over - 0 run(s), 0 hit(s), 0 error(s), 0 left on base; Chula Vista 0 - Jasper 0
BOTTOM OF THE 1ST
Jasper Cougars batting - Pitching for Chula Vista Tacos : RHP Andrés Franco
Pitching: RHP Andrés Franco
Batting: LHB Darren Holland 0-0: Called Strike
0-1: Ball
1-1: Ball
2-1: Ball
3-1: Foul Ball, location: 2F
3-2: Base on Balls
Batting: RHB Bob Cole 0-0: Called Strike
0-1: Swinging Strike
0-2: Fielders Choice at 2nd, 5-4 (Groundball, 56)
Batting: LHB Jon Rogers 0-0: Foul Ball, location: 2F
0-1: Ball
1-1: Ball
2-1: Called Strike
2-2: Foul Ball, location: 2F
2-2: Foul Ball, location: 2F
2-2: Foul Ball, location: 2F
2-2: Foul Ball, location: 2F
2-2: Foul Ball, location: 2F
2-2: Ball
3-2: Base on Balls
Bob Cole to second
Batting: LHB John Stone 0-0: Fly out, F7 (Flyball, 7)
Batting: RHB Juan Carlos 0-0: Called Strike
0-1: Foul Ball, location: 2F
0-2: Ball
1-2: Foul Ball, location: 2F
1-2: Foul Ball, location: 2F
1-2: Fly out, F9 (Flyball, 9)
Bottom of the 1st over - 0 run(s), 0 hit(s), 0 error(s), 2 left on base; Chula Vista 0 - Jasper 0
TOP OF THE 2ND
Chula Vista Tacos batting - Pitching for Jasper Cougars : LHP Martín Marino
Batting: LHB Steven Smith 0-0: Ball
1-0: Fly out, F8 (Flyball, 8RM)
Batting: RHB Jake Lawrence 0-0: Ball
1-0: Swinging Strike
1-1: Ground out 6-3 (Groundball, 6)
Batting: RHB Matt O'Rourke 0-0: SINGLE (Groundball, 56S) (infield hit)
Batting: RHB Domynguos Tabucchi 0-0: Ball
1-0: Swinging Strike
1-1: Ball
2-1: Swinging Strike
2-2: Strikes out swinging
Top of the 2nd over - 0 run(s), 1 hit(s), 0 error(s), 1 left on base; Chula Vista 0 - Jasper 0
BOTTOM OF THE 2ND
Jasper Cougars batting - Pitching for Chula Vista Tacos : RHP Andrés Franco
Batting: LHB Tony Beck 0-0: Foul Ball, location: 2F
0-1: Ball
1-1: Ball
2-1: Foul Ball, location: 2F
2-2: Ground out 4-3 (Groundball, 4)
Batting: RHB Ben Wilson 0-0: Ground out 1-3 (Groundball, P)
Batting: RHB José Ortega 0-0: Ball
1-0: Foul Ball, location: 2F
1-1: Ball
2-1: Reached via error on a dropped throw, E3
Batting: RHB Scott McGuire 0-0: Ball
José Ortega is caught stealing 2nd base
Bottom of the 2nd over - 0 run(s), 0 hit(s), 1 error(s), 0 left on base; Chula Vista 0 - Jasper 0
TOP OF THE 3RD
Chula Vista Tacos batting - Pitching for Jasper Cougars : LHP Martín Marino
Batting: RHB Juan Morales 0-0: Ball
1-0: Ball
2-0: Foul Ball, location: 2F
2-1: Foul Ball, location: 2F
2-2: Ground out 5-3 (Groundball, 56)
Batting: RHB Júlio García 0-0: Called Strike
0-1: Foul Ball, location: 2F
0-2: Ball
1-2: Ball
2-2: Strikes out swinging
Batting: LHB Dale Miller 0-0: Ball
1-0: Ball
2-0: Ball
3-0: Called Strike
3-1: Swinging Strike
3-2: Strikes out swinging
Top of the 3rd over - 0 run(s), 0 hit(s), 0 error(s), 0 left on base; Chula Vista 0 - Jasper 0
BOTTOM OF THE 3RD
Jasper Cougars batting - Pitching for Chula Vista Tacos : RHP Andrés Franco
Batting: RHB Scott McGuire 0-0: Ball
1-0: Called Strike
1-1: Ball
2-1: Foul Ball, location: 2F
2-2: Strikes out swinging
Batting: LHB Darren Holland 0-0: Foul Ball, location: 2F
0-1: Swinging Strike
0-2: Foul Ball, location: 2F
0-2: Strikes out looking
Batting: RHB Bob Cole 0-0: Foul Ball, location: 2F
0-1: Ball
1-1: Ball
2-1: Called Strike
2-2: Ball
3-2: Ground out 6-3 (Groundball, 6)
Bottom of the 3rd over - 0 run(s), 0 hit(s), 0 error(s), 0 left on base; Chula Vista 0 - Jasper 0
TOP OF THE 4TH
Chula Vista Tacos batting - Pitching for Jasper Cougars : LHP Martín Marino
Batting: RHB Ron Garrett 0-0: Called Strike
0-1: Ball
1-1: Ball
2-1: Fly out, F9 (Flyball, 9S)
Batting: LHB Nick Hill 0-0: Ball
1-0: Ball
2-0: SOLO HOME RUN (Flyball, 7D), Distance : 347 ft
Batting: LHB Steven Smith 0-0: Ground out 6-3 (Groundball, 6S)
Batting: RHB Jake Lawrence 0-0: Ball
1-0: Foul Ball, location: 2F
1-1: Ball
2-1: Swinging Strike
2-2: Foul Ball, location: 2F
2-2: Strikes out looking
Top of the 4th over - 1 run(s), 1 hit(s), 0 error(s), 0 left on base; Chula Vista 1 - Jasper 0
BOTTOM OF THE 4TH
Jasper Cougars batting - Pitching for Chula Vista Tacos : RHP Andrés Franco
Batting: LHB Jon Rogers 0-0: Called Strike
0-1: Ball
1-1: Swinging Strike
1-2: Ball
2-2: Strikes out swinging
Batting: LHB John Stone 0-0: Hit by Pitch
Batting: RHB Juan Carlos 0-0: Ball
1-0: Called Strike
1-1: Ball
2-1: Fly out, F3 (Popup, 3L)
Batting: LHB Tony Beck 0-0: Ball
1-0: Foul Ball, location: 2F
1-1: Foul Ball, location: 2F
1-2: Strikes out swinging
Bottom of the 4th over - 0 run(s), 0 hit(s), 0 error(s), 1 left on base; Chula Vista 1 - Jasper 0
TOP OF THE 5TH
Chula Vista Tacos batting - Pitching for Jasper Cougars : LHP Martín Marino
Batting: RHB Matt O'Rourke 0-0: Ball
1-0: Ground out 1-3 (Groundball, P)
Batting: RHB Domynguos Tabucchi 0-0: Called Strike
0-1: Foul Ball, location: 2F
0-2: Ball
1-2: Ball
2-2: Strikes out swinging
Batting: RHB Juan Morales 0-0: Ball
1-0: DOUBLE (Groundball, 5L)
Batting: RHB Júlio García 0-0: Ball
1-0: Ground out 5-3 (Groundball, 56)
Top of the 5th over - 0 run(s), 1 hit(s), 0 error(s), 1 left on base; Chula Vista 1 - Jasper 0
BOTTOM OF THE 5TH
Jasper Cougars batting - Pitching for Chula Vista Tacos : RHP Andrés Franco
Batting: RHB Ben Wilson 0-0: Called Strike
0-1: Ball
1-1: Foul Ball, location: 2F
1-2: Strikes out swinging
Batting: RHB José Ortega 0-0: Ground out 5-3 (Groundball, 56)
Batting: RHB Scott McGuire 0-0: Swinging Strike
0-1: Ball
1-1: Ball
2-1: Swinging Strike
2-2: Strikes out swinging
Bottom of the 5th over - 0 run(s), 0 hit(s), 0 error(s), 0 left on base; Chula Vista 1 - Jasper 0
TOP OF THE 6TH
Chula Vista Tacos batting - Pitching for Jasper Cougars : LHP Martín Marino
Batting: LHB Dale Miller 0-0: Called Strike
0-1: Foul Ball, location: 2F
0-2: Ball
1-2: Ball
2-2: Ball
3-2: Strikes out swinging
Batting: RHB Ron Garrett 0-0: Ball
1-0: SINGLE (Flyball, 89S)
Batting: LHB Nick Hill 0-0: Ball
1-0: Ball
2-0: Ball
3-0: Base on Balls
Ron Garrett to second
Batting: LHB Steven Smith 0-0: Ball
1-0: Called Strike
1-1: Ball
2-1: Fly out, F7 (Flyball, 78D)
Batting: RHB Jake Lawrence 0-0: Ball
1-0: Called Strike
1-1: SINGLE (Groundball, 6D)
Ron Garrett to third
Nick Hill to second
Runner from 3rd tries for Home, SAFE, no throw
Batting: RHB Matt O'Rourke 0-0: SINGLE (Line Drive, 78M)
Nick Hill to third
Jake Lawrence to second
Runner from 3rd tries for Home, SAFE, no throw
Batting: RHB Domynguos Tabucchi 0-0: Foul Ball, location: 2F
0-1: Foul Ball, location: 2F
0-2: Ball
1-2: Strikes out swinging
Top of the 6th over - 2 run(s), 3 hit(s), 0 error(s), 2 left on base; Chula Vista 3 - Jasper 0
BOTTOM OF THE 6TH
Jasper Cougars batting - Pitching for Chula Vista Tacos : RHP Andrés Franco
Batting: LHB Darren Holland 0-0: Ball
1-0: Ball
2-0: Called Strike
2-1: Ball
3-1: Reached via error on a dropped throw, E1
Batting: RHB Bob Cole 0-0: Ball
1-0: Ball
2-0: Ground out 4-3 (Groundball, 4MD)
Darren Holland to second
Batting: LHB Jon Rogers 0-0: Called Strike
0-1: Foul Ball, location: 2F
0-2: Ball
1-2: SINGLE (Line Drive, 34)
Darren Holland to third
Runner from 3rd tries for Home, SAFE, no throw
Pitching: RHP Gerald McClure
Batting: LHB John Stone 0-0: Ball
1-0: Ball
Jon Rogers steals 2nd base
2-0: Ball
3-0: Base on Balls
Batting: RHB Juan Carlos 0-0: Ball
1-0: Ball
Jon Rogers steals 3rd base
John Stone to second
2-0: Ball
3-0: Base on Balls
Batting: LHB Tony Beck 0-0: Ball
1-0: Ball
2-0: Ball
3-0: Base on Balls
Jon Rogers scores
John Stone to third
Juan Carlos to second
Batting: RHB Ben Wilson 0-0: Ball
1-0: Ball
2-0: GRAND SLAM HOME RUN (Flyball, 78XD), Distance : 391 ft
Pitching: RHP Ron Booker
Batting: RHB José Ortega 0-0: Called Strike
0-1: Ground out 5-3 (Groundball, 5)
Batting: RHB Scott McGuire 0-0: Ground out 5-3 (Groundball, 56)
Bottom of the 6th over - 6 run(s), 2 hit(s), 1 error(s), 0 left on base; Chula Vista 3 - Jasper 6
TOP OF THE 7TH
Chula Vista Tacos batting - Pitching for Jasper Cougars : LHP Martín Marino
Batting: RHB Juan Morales 0-0: Ball
1-0: Fly out, F5 (Popup, 5L)
Pitching: RHP Francisco Pagán
Batting: RHB Júlio García 0-0: Ball
1-0: Ball
2-0: SINGLE (Groundball, 6MD)
Batting: LHB Dale Miller 0-0: Ball
1-0: Ball
2-0: Ball
3-0: Called Strike
3-1: Called Strike
3-2: SINGLE (Groundball, 25) (infield hit)
Júlio García to second
Pitching: LHP Robert Williams
Batting: RHB Ron Garrett 0-0: Called Strike
0-1: Ball
1-1: Swinging Strike
1-2: Foul Ball, location: 2F
1-2: Foul Ball, location: 2F
1-2: Foul Ball, location: 2F
1-2: SINGLE (Groundball, 6MD)
Júlio García to third
Dale Miller to second
Batting: LHB Nick Hill 0-0: Ball
Wild Pitch!
Júlio García scores
Dale Miller to third
Ron Garrett to second
1-0: Ball
2-0: Foul Ball, location: 2F
2-1: Foul Ball, location: 2F
2-2: Ball
3-2: Strikes out swinging
Batting: LHB Steven Smith 0-0: SINGLE (Groundball, 6MD)
Dale Miller scores
Ron Garrett to third
Runner from 3rd tries for Home, SAFE, throw made home
Batting: RHB Jake Lawrence 0-0: Called Strike
0-1: Ball
1-1: Ball
2-1: Ball
3-1: Foul Ball, location: 2F
3-2: Foul Ball, location: 2F
3-2: Foul Ball, location: 2F
3-2: SINGLE (Line Drive, 78S)
Steven Smith to second
Steven Smith to third
Batting: RHB Matt O'Rourke 0-0: Ball
1-0: Ball
2-0: SINGLE (Groundball, 6MD)
Steven Smith scores
Jake Lawrence to second
Runner from 2nd tries for 3rd, SAFE, throw made to third
Pitching: RHP A.J. Wellman
Pinch Hitting: SHB Tony Varela 0-0: Ball
1-0: Called Strike
1-1: Foul Ball, location: 2F
1-2: Fly out, F6 (Line Drive, 6)
Top of the 7th over - 4 run(s), 6 hit(s), 0 error(s), 2 left on base; Chula Vista 7 - Jasper 6
BOTTOM OF THE 7TH
Jasper Cougars batting - Pitching for Chula Vista Tacos : RHP Ron Booker
Now at 2B: Tony Varela
Batting: LHB Darren Holland 0-0: Ball
1-0: Foul Ball, location: 2F
1-1: Foul Ball, location: 2F
1-2: Foul Ball, location: 2F
1-2: Ball
2-2: Ball
3-2: Base on Balls
Batting: RHB Bob Cole 0-0: Ball
1-0: Ball
2-0: Foul Ball, location: 2F
2-1: Fielders Choice at 2nd, 1-6 (Groundball, 13)
Batting: LHB Jon Rogers 0-0: Called Strike
Bob Cole steals 2nd base
0-1: Fly out, F6 (Popup, 6M)
Batting: LHB John Stone 0-0: SINGLE (Flyball, 78M)
Bob Cole to third
Runner from 3rd tries for Home, SAFE, no throw
Batting: RHB Juan Carlos 0-0: Ball
1-0: Foul Ball, location: 2F
1-1: Ball
2-1: Ball
3-1: Ground out U3 (Groundball, 2R)
Bottom of the 7th over - 1 run(s), 1 hit(s), 0 error(s), 1 left on base; Chula Vista 7 - Jasper 7
TOP OF THE 8TH
Chula Vista Tacos batting - Pitching for Jasper Cougars : RHP A.J. Wellman
Batting: RHB Juan Morales 0-0: Ball
1-0: Fly out, F8 (Flyball, 8RD)
Pinch Hitting: LHB Roderick Delgado 0-0: Ball
1-0: Called Strike
1-1: Called Strike
1-2: Foul Ball, location: 2F
1-2: Foul Ball, location: 2F
1-2: Foul Ball, location: 2F
1-2: Fly out, F8 (Flyball, 8LM)
Batting: LHB Dale Miller 0-0: Foul Ball, location: 2F
0-1: Ball
1-1: Ball
2-1: Foul Ball, location: 2F
2-2: Fly out, F7 (Line Drive, 7)
Top of the 8th over - 0 run(s), 0 hit(s), 0 error(s), 0 left on base; Chula Vista 7 - Jasper 7
BOTTOM OF THE 8TH
Jasper Cougars batting - Pitching for Chula Vista Tacos : RHP Ron Booker
Now in CF: Roderick Delgado
Batting: LHB Tony Beck 0-0: Ball
1-0: Ball
2-0: Ball
3-0: Base on Balls
Batting: RHB Ben Wilson 0-0: Reached on error, E1 (Groundball, 13)
Tony Beck to third
Batting: RHB José Ortega 0-0: Intentional Walk
Pinch Hitting: RHB José Maldonado 0-0: Ball
1-0: Ball
2-0: Foul Ball, location: 2F
2-1: Ball
3-1: Base on Balls
Tony Beck scores
Ben Wilson to third
José Ortega to second
Batting: LHB Darren Holland 0-0: Ball
1-0: Foul Ball, location: 2F
1-1: Ball
2-1: Called Strike
2-2: Foul Ball, location: 2F
2-2: Reached on error, E6 (Groundball, 6)
Ben Wilson scores
José Ortega to third
José Maldonado to second
Pitching: LHP Doug Ledoux
Batting: RHB Bob Cole 0-0: Ball
1-0: Ball
2-0: Ball
3-0: Called Strike
3-1: Base on Balls
José Ortega scores
José Maldonado to third
Darren Holland to second
Batting: LHB Jon Rogers 0-0: Ball
1-0: Called Strike
1-1: Swinging Strike
1-2: Strikes out looking
Batting: LHB John Stone 0-0: Foul Ball, location: 2F
0-1: Called Strike
0-2: Grounds into fielders choice 6-2 (Groundball, 6)
Darren Holland to third
Bob Cole to second
Batting: RHB Juan Carlos 0-0: Swinging Strike
0-1: Called Strike
0-2: Foul Ball, location: 2F
0-2: Ball
1-2: Ball
2-2: Ball
3-2: Strikes out swinging
Bottom of the 8th over - 3 run(s), 0 hit(s), 2 error(s), 3 left on base; Chula Vista 7 - Jasper 10
TOP OF THE 9TH
Chula Vista Tacos batting - Pitching for Jasper Cougars : RHP A.J. Wellman
Pitching: LHP Edgardo Reyes
Now at C: José Maldonado
Batting: RHB Ron Garrett 0-0: Ball
1-0: Ball
2-0: Ball
3-0: Base on Balls
Batting: LHB Nick Hill 0-0: Ball
1-0: Ball
2-0: Called Strike
2-1: Ball
3-1: Base on Balls
Ron Garrett to second
Batting: LHB Steven Smith 0-0: Ball
1-0: Ball
2-0: Ball
3-0: Base on Balls
Ron Garrett to third
Nick Hill to second
Batting: RHB Jake Lawrence 0-0: Foul Ball, location: 2F
0-1: Ball
1-1: Ball
2-1: Foul Ball, location: 2F
2-2: Ball
3-2: Strikes out swinging
Batting: RHB Matt O'Rourke 0-0: Swinging Strike
0-1: Ball
1-1: Fly out, F9 (Flyball, 9LS)
Pinch Hitting: RHB Preston Wooten 0-0: Called Strike
0-1: Ball
1-1: Called Strike
1-2: Strikes out swinging
Top of the 9th over - 0 run(s), 0 hit(s), 0 error(s), 3 left on base; Chula Vista 7 - Jasper 10
Tuesday, August 8th, 2017 - OOTP Baseball 17.12 Build 75